 Dungeon Crawl Stone Soup version 0.27-a0-1090-gb115f176c6 (webtiles) character file.

Game seed: 14506016513616728419

114 kae the Ruffian (level 4, -1/34 HPs)
             Began as a Demonspawn Gladiator on Apr 27, 2021.
             Slain by a fire bat (2 damage)
             ... on level 3 of the Dungeon.
             The game lasted 00:02:09 (3570 turns).

kae the Ruffian (Demonspawn Gladiator)              Turns: 3570, Time: 00:02:10

Health: -1/34      AC:  3    Str: 15    XL:     4   Next: 67%
Magic:  4/4        EV: 12    Int: 10    God:
Gold:   73         SH:  0    Dex: 14    Spells: 3/3 levels left

rFire    . . .     SeeInvis .     - Unarmed
rCold    . . .     Faith    .   (no shield)
rNeg     . . .     Spirit   .   a - +0 leather armour
rPois    .         Reflect  .   (helmet restricted)
rElec    .         Harm     .   j - scarf {shadows}
rCorr    .         Rampage  .   (no gloves)
Will     +....                  (no boots)
Stlth    +.........             (no amulet)
HPRegen  0.11/turn              d - ring of flight
MPRegen  0.09/turn              n - ring of willpower

@: flying, hasted, very quick
A: horns 1, demonic magic 1
a: no special abilities


You were on level 3 of the Dungeon.
You visited 1 branch of the dungeon, and saw 3 of its levels.

You collected 203 gold pieces.
You spent 130 gold pieces at shops.

Inventory:

Missiles
 c - 3 throwing nets (quivered)
Armour
 a - a +0 leather armour (worn)
 b - a +0 helmet
 j - a scarf of shadows (worn)
Jewellery
 d - a ring of flight (left hand)
 n - a ring of willpower (right hand)
Scrolls
 l - 5 scrolls of identify
Potions
 g - 4 potions of mutation
 h - a potion of magic
 i - a potion of brilliance
 k - a potion of curing


   Skills:
 + Level 2.9 Fighting
 - Level 1.7 Throwing
 + Level 3.3 Dodging
 * Level 4.0 Unarmed Combat


You had 3 spell levels left.
You didn't know any spells.
Your spell library contained the following spells:

 Spells                   Type           Power      Damage    Failure   Level
 Beastly Appendage        Tmut           0%         N/A       43%         1
 Wereblood                Tmut           0%         N/A       56%         2
 Spider Form              Tmut/Pois      0%         N/A       80%         3
 Ice Form                 Ice/Tmut       0%         N/A       99%         4
 Hydra Form               Tmut           0%         N/A       100%        5


Dungeon Overview and Level Annotations

Branches:
Dungeon (3/15)

Altars:
Wu Jian

Shops:
D:1 (   D:3 ?


Innate Abilities, Weirdness & Mutations

You have a pair of small horns on your head.
Spells you cast may paralyse adjacent enemies.


Message History

You barely miss the skeletal bat. The skeletal bat closely misses you.
The fire bat barely misses you. The skeletal bat closely misses you.
The skeletal bat hits you but does no damage.
You hit the skeletal bat.
The skeletal bat is severely damaged.
The skeletal bat hits you but does no damage.
The fire bat bites you but does no damage.
The skeletal bat barely misses you.
You hit the skeletal bat.
You destroy the skeletal bat!
The fire bat barely misses you. x2
The fire bat bites you.
You are engulfed in flames.
You hit the fire bat but do no damage. The fire bat bites you.
You are engulfed in flames.
The fire bat bites you.
* * * LOW HITPOINT WARNING * * *
You are engulfed in flames.
* * * LOW HITPOINT WARNING * * *
The fire bat barely misses you.
You closely miss the fire bat. The fire bat closely misses you. x2
You barely miss the fire bat. The fire bat closely misses you.
The fire bat bites you.
* * * LOW HITPOINT WARNING * * *
You are engulfed in flames.
* * * LOW HITPOINT WARNING * * *
Okay, then.
Okay, then.
It was a potion of haste.
You feel yourself speed up. The fire bat barely misses you.
The fire bat barely misses you. The fire bat bites you.
* * * LOW HITPOINT WARNING * * *
You are engulfed in flames.
* * * LOW HITPOINT WARNING * * *
The fire bat closely misses you.
The fire bat bites you but does no damage.
The fire bat closely misses you.
Things that are here:
a +0 scale mail; a bat corpse The fire bat bites you.
You die...

......#.######...#.#.#
#.......## ##.##.#.# #
#.....#..#####.##.#.####.#
#........##..............##
......#.#.##.##............>
####.##.>.............#####
... ####.#######.##.# ###
#####.# ####.# #..##@# #.#
##.b.# #.# #..b## .##
#<###### #.##b#
...###....... #.# #.##
...#...###### #..
##.##...###### #.
#†.#..######## #
##...##......# ##
##.####.####.## #.


You could see 3 fire bats.

Vanquished Creatures
  A centaur skeleton (D:2)
  2 adders
  2 worms (D:3)
  3 bat skeletons (D:3)
  3 endoplasms
  A giant cockroach (D:2)
  4 goblins
  7 hobgoblins
  4 jackals
  2 quokkas
  7 ball pythons
  11 bats
  2 frilled lizards
  2 kobolds
  5 rats
56 creatures vanquished.

Notes
Turn   | Place    | Note
-------+----------+-------------------------------------------
     0 | D:1      | kae the Demonspawn Gladiator began the quest for the Orb.
     0 | D:1      | Reached XP level 1. HP: 16/16 MP: 1/1
   390 | D:1      | Found Lirull's Weapon Shoppe.
   506 | D:1      | Reached skill level 3 in Unarmed Combat
   507 | D:1      | Gained mutation: You have a pair of small horns on your
                  | head. [demonic ancestry]
   507 | D:1      | Reached XP level 2. HP: 16/22 MP: 2/2
  1170 | D:1      | Found a faded altar of an unknown god.
  1845 | D:2      | Found an ornate altar of the Wu Jian Council.
  1952 | D:2      | Gained mutation: Spells you cast may paralyse adjacent
                  | enemies. [demonic ancestry]
  1952 | D:2      | Reached XP level 3. HP: 25/28 MP: 3/3
  2277 | D:2      | Reached XP level 4. HP: 11/34 MP: 4/4
  3261 | D:3      | Found Puobrij's Magic Scroll Emporium.
  3339 | D:3      | Bought 2 scrolls of identify for 52 gold pieces
  3339 | D:3      | Bought a scroll of identify for 26 gold pieces
  3339 | D:3      | Bought a scroll of identify for 26 gold pieces
  3339 | D:3      | Bought a scroll of identify for 26 gold pieces
  3495 | D:3      | Reached skill level 4 in Unarmed Combat
  3565 | D:3      | HP: 1/34 [fire bat (1)]
  3570 | D:3      | Slain by a fire bat

Illustrated notes

Levels and vault maps discovered:
D:1:      nzn_arrival_depleted_hourglass, layout_loops_ring, serial_shops, shop,
          shapermc_ecumenical_altar_mp_highgroup
D:2:      layout_loops_ring, basic_altar, minmay_randomly_rotated_circles
D:3:      layout_loops_ring, serial_shops, shop_coins,
          chequers_decorated_corner, hangedman_decor_clover_reticule,
          goddamned_bats

Skill      XL: |  1  2  3  4 |
---------------+-------------+-----
Unarmed Combat | 3 4 |  4.0
Dodging        | 3 |  3.3
Fighting       | |  2.9
Throwing       | |  1.7

Action                   |  1- 3 |  4- 6 || total
-------------------------+-------+-------++-------
Melee: Unarmed           |   147 |    78 ||   225
       Headbutt          |    15 |    11 ||    26
       Punch             |     6 |       ||     6
  Use: Scroll            |     8 |     1 ||     9
       Potion            |       |     2 ||     2
 Stab: Sleeping          |       |     1 ||     1
Armor: Leather armour    |    52 |    36 ||    88
Dodge: Dodged            |   133 |   102 ||   235

Table legend: (Time is in decaauts)
 A = Elapsed time spent in this place.
 B = Non-inter-level travel time spent in this place.
 C = Inter-level travel time spent in this place.
 D = Time resting spent in this place.
 E = Time spent auto-exploring this place.
 F = Levels seen in this place.
 G = Mean time per level.
                   A        B        C        D        E       F      G
               +--------+--------+--------+--------+--------+-----+--------+
         Total |   3551 |   3499 |     52 |      0 |   3067 |   3 | 1183.7 |
       Dungeon |   3551 |   3499 |     52 |      0 |   3067 |   3 | 1183.7 |
               +--------+--------+--------+--------+--------+-----+--------+

Top non-repeatable levels by time:
     D:1: 1412 daAuts
     D:2: 1373 daAuts
     D:3: 765 daAuts
